 Dungeon Crawl Stone Soup version 0.24-a0-446-g87df7205b4 (webtiles) character file.

Game seed: 12385851091295914436

25 theanonym the Cudgeler (level 2, -2/22 HPs)
             Began as a Mummy Warper on June 24, 2019.
             Slain by a worm (5 damage)
             ... on level 2 of the Dungeon.
             The game lasted 00:01:16 (1174 turns).

theanonym the Cudgeler (Mummy Warper)               Turns: 1174, Time: 00:01:17

Health: -2/22      AC:  8    Str: 14    XL:     2   Next: 82%
Magic:  5/5        EV:  6    Int: 12    God:
Gold:   57         SH:  0    Dex: 11    Spells: 6/6 levels left

rFire    x . .     SeeInvis .   a - +0 mace
rCold    + . .     Gourm    .   (no shield)
rNeg     + + +     Faith    .   d - +0 chain mail
rPois    ∞         Spirit   .   (no helmet)
rElec    .         Reflect  .   (no cloak)
rCorr    .         Harm     .   (no gloves)
MR       .....                  (no boots)
Stlth    ..........             (no amulet)
HPRegen  0.07/turn              (no ring)
MPRegen  0.09/turn              (no ring)

@: no status effects
A: no food or potions, fire vulnerability, cold resistance 1, negative energy
resistance 3, torment resistance, unbreathing
a: no special abilities


Innate Abilities, Weirdness & Mutations

You do not eat or drink.
Your flesh is vulnerable to fire.
You are immune to poison.
Your flesh is cold resistant. (rC+)
You are immune to negative energy. (rN+++)
You are immune to unholy pain and torment.
You can survive without breathing.


   Skills:
 - Level 2.0 Fighting
 + Level 2.8 Maces & Flails
 - Level 0.7 Throwing
 - Level 0.7 Armour
 - Level 1.5 Dodging
 - Level 2.6 Spellcasting
   Level 2.4 Translocations


You had 6 spell levels left.
You didn't know any spells.
Your spell library contained the following spells:

 Spells                   Type           Power        Failure   Level  Hunger
 Blink                    Tloc           N/A          99%         2    N/A
 Shroud of Golubria       Chrm/Tloc      #.....       100%        2    N/A
 Gell's Gravitas          Tloc           #.........   100%        3    N/A
 Lesser Beckoning         Tloc           #.........   100%        3    N/A
 Teleport Other           Tloc           #.......     100%        3    N/A
 Passage of Golubria      Tloc           N/A          100%        4    N/A

Skill      XL: |  1 |
---------------+----+-----
Maces & Flails | 2 |  2.8
Fighting       | |  2.0
Throwing       | |  0.7
Armour         | |  0.7
Dodging        | |  1.5
Spellcasting   | |  2.6
Translocations | |  2.4

Action                   || total
-------------------------++-------
Melee: Mace              ||   131
Armor: Leather armour    ||    15
       Chain mail        ||    95
Dodge: Dodged            ||    43

Inventory:

Hand Weapons
 a - a +0 mace (weapon)
Missiles
 e - 5 boomerangs of dispersal (quivered)
Armour
 d - a +0 chain mail (worn)
Scrolls
 c - 2 scrolls of identify {unknown}
 f - a scroll of enchant weapon {unknown}
 B - a scroll of blinking


You were on level 2 of the Dungeon.
You were not hungry.

You visited 1 branch of the dungeon, and saw 2 of its levels.

You collected 57 gold pieces.

Dungeon Overview and Level Annotations

Branches:
Dungeon (2/15)

Altars:

###.#.####### ###
.()(...(...$. ...
###.#..###### #.# #
#.#..# #.# ###.#5.#
#######.#######
....#...................
#######.########.######.
# ..# #w# # #.## #@# #
#..# #.# # #.# #.# #
#.## #.# ## #..# #.# .#
##.# #.# .# #.# #.# .#
#.# #.# .# #.## #.#


You could see a worm.

Notes
Turn   | Place    | Note
-------+----------+-------------------------------------------
     0 | D:1      | theanonym the Mummy Warper began the quest for the Orb.
     0 | D:1      | Reached XP level 1. HP: 16/16 MP: 4/4
    30 | D:1      | HP: 8/16 [frilled lizard (3)]
    33 | D:1      | HP: 3/16 [frilled lizard (3)]
   370 | D:1      | Reached skill level 2 in Maces & Flails
   417 | D:1      | Reached XP level 2. HP: 21/22 MP: 5/5
   486 | D:1      | HP: 11/22 [leopard gecko (4)]
   497 | D:1      | HP: 10/22 [rat (1)]
   981 | D:2      | Noticed a crimson imp
  1037 | D:2      | HP: 10/22 [crimson imp (2)]
  1042 | D:2      | HP: 9/22 [crimson imp (1)]
  1160 | D:2      | HP: 10/22 [worm (6)]
  1170 | D:2      | HP: 7/22 [quokka (4)]
  1172 | D:2      | HP: 3/22 [quokka (4)]
  1174 | D:2      | Slain by a worm

Vanquished Creatures
  A leopard gecko (D:1)
  2 ball pythons (D:1)
  A giant cockroach (D:1)
  A goblin (D:1)
  5 hobgoblins (D:1)
  2 kobolds (D:2)
  A quokka (D:2)
  4 bats (D:1)
  2 frilled lizards (D:1)
  2 rats (D:1)
21 creatures vanquished.

Table legend:
 A = Turns spent in this place as a percentage of turns spent in the entire game.
 B = Non-inter-level travel turns spent in this place as a percentage of non-inter-level travel turns spent in the entire game.
 C = Inter-level travel turns spent in this place as a percentage of turns spent in this place.
 D = Turns resting spent in this place as a percentage of non-inter-level travel turns spent in this place.
 E = Turns spent auto-exploring this place as a percentage of non-inter-level travel turns spent in this place.
 F = Non-inter-level travel turns spent in this place divided by the number of levels of this place that you've seen.
                   A       B       C       D       E      F
               +-------+-------+-------+-------+-------+----------------------
         Total | 100.0 | 100.0 |   1.4 |  38.4 |  40.3 | 578.5
       Dungeon | 100.0 | 100.0 |   1.4 |  38.4 |  40.3 | 578.5
               +-------+-------+-------+-------+-------+----------------------
